 Dungeon Crawl Stone Soup version 0.18.1-8-gdd0e5ea (webtiles) character file.

164 M4edhros the Sneak (level 5, 0/33 HPs)
             Began as an Octopode Artificer on June 7, 2016.
             Was an Initiate of Fedhas.
             Succumbed to an adder's poison
             ... on level 2 of the Dungeon.
             The game lasted 00:03:41 (2364 turns).

M4edhros the Sneak (Octopode Artificer)             Turns: 2364, Time: 00:03:42

Health: 0/33       AC:  5    Str: 10    XL:     5   Next: 45%
Magic:  7/7        EV: 15    Int: 20    God:    Fedhas [......]
Gold:   102        SH:  9    Dex: 18    Spells: 0 memorised, 4 levels left

rFire  . . .     SeeInvis .     o - +0 hand axe (elec)
rCold  . . .     Gourm    .     m - +0 shield
rNeg   . . .     Faith    .     (helmet restricted)
rPois  .         Spirit   .     e - amulet of dismissal
rElec  .         Dismiss  +     u - ring of loudness (curse)
rCorr  .         Reflect  .     v - ring of flight
SustAt .         Harm     .     (no ring)
MR     .....                    (no ring)
Stlth  +++++.....               (no ring)
                                (no ring)
                                (no ring)
                                (no ring)

@: brilliant, agile, lethally poisoned (0 -> -2), not resistant to hostile
enchantments, quite stealthy
A: almost no armour, amphibious, 8 rings, constrict 8, large bone plates 1,
slimy green scales 1, camouflage 1, blurry vision 1, gelatinous body 1
a: Renounce Religion, Evoke Flight


You were on level 2 of the Dungeon.
You worshipped Fedhas.
Fedhas was noncommittal.
You were hungry.

You visited 2 branches of the dungeon, and saw 6 of its levels.

You collected 102 gold pieces.

Inventory:

Hand Weapons
 a - a +0 short sword
 k - a +0 dagger of pain
 l - a +2 quarterstaff of chaos
 o - a +0 hand axe of electrocution (weapon)
Armour
 m - a +0 shield (worn)
Jewellery
 e - an amulet of dismissal (around mantle)
 i - an uncursed ring of ice
 u - a cursed ring of loudness (left tentacle)
 v - a ring of flight (right tentacle)
Wands
 b - a wand of flame (12/48)
 c - a wand of enslavement (14/24)
 d - a wand of random effects (15/48)
Scrolls
 g - a scroll of immolation {unknown}
 h - 2 scrolls of identify {unknown}
 q - 2 scrolls of fear {unknown}
Potions
 t - a potion of brilliance
 w - a potion of agility
Comestibles
 f - 5 bread rations
 p - a meat ration


   Skills:
 + Level 1.1 Fighting
 - Level 1.0 Short Blades
 - Level 2.0 Dodging
 + Level 7.3 Stealth
 + Level 0.4 Shields
 - Level 3.2 Evocations


You had 4 spell levels left.
You didn't know any spells.

Dungeon Overview and Level Annotations

Branches:
Dungeon (5/15)             Temple (1/1) D:5

Altars:
Ashenzari
Cheibriados
Dithmenos
Fedhas
Makhleb
Nemelex Xobeh
Pakellas
Ru
Sif Muna
Trog
Xom
Zin
The Shining One


Innate Abilities, Weirdness & Mutations

You cannot wear most types of armour.
You are amphibious.
You can wear up to eight rings at the same time.
You can use your tentacles to constrict eight enemies at once.
Your skin changes colour to match your surroundings (Stealth).
Your rubbery body absorbs attacks (AC +1).
You are partially covered in large bone plates (AC +2, SH +2).
You are partially covered in slimy green scales (AC +2).
Scrolls take you a little longer to read.


Message History

Large bone plates grow over parts of your tentacles.
Read which item? (? for menu, Esc to quit)
Okay, then.
A kobold comes into view. It is wielding a short sword.
Evoke which item? (* to show all) (? for menu, Esc to quit)
Zapping:
b - a wand of flame (13/48)
Press: ? - help, Shift-Dir - straight line, f - kobold
Aim: a kobold, wielding a short sword (resting)
The puff of flame hits the kobold.
You kill the kobold!
This wand has 12 charges left.
* * * LOW HITPOINT WARNING * * *
You feel sick.
You see here 5 gold pieces.
A giant cockroach comes into view.
* * * LOW HITPOINT WARNING * * *
You feel sick.
You see here 5 gold pieces.
You die...
Fedhas appreciates your contribution to the ecosystem.

###....#
#.#...
#.....s
##.#...
#....#.
#8.#...
#.....##
#(.#...
#..)...# #
##.#...
#......# .#
#.#...
#......#
#.# #.#...
#......##.#
8.#...
#...#.##@#
#[.#...
#.....$.##
##+#..(
#...#.###
#.##
#......#
#.##
##.†...#
#.# #.....#
#.# #.....#
#.# #....##
#.# #...#.#
#.##


There were no monsters in sight!

Vanquished Creatures
  Crazy Yiuf (D:2)
  3 gnolls (D:5)
  3 adders
  An ooze (D:2)
  7 dart slugs
  4 giant geckos
  3 ball pythons
  4 bats (D:2)
  3 giant cockroaches
  4 goblins
  2 hobgoblins
  8 jackals
  5 kobolds
  A quokka (D:4)
  4 giant newts
  5 rats
58 creatures vanquished.

Vanquished Creatures (others)
  7 toadstools
7 creatures vanquished.

Grand Total: 65 creatures vanquished

Notes
Turn   | Place    | Note
--------------------------------------------------------------
     0 | D:1      | M4edhros the Octopode Artificer began the quest for the Orb.
     0 | D:1      | Reached XP level 1. HP: 13/13 MP: 3/3
    91 | D:1      | Reached skill level 2 in Stealth
   115 | D:1      | Reached XP level 2. HP: 10/18 MP: 4/4
   119 | D:1      | Reached skill level 3 in Stealth
   499 | D:2      | Noticed Crazy Yiuf
   505 | D:2      | Killed Crazy Yiuf
   505 | D:2      | Reached skill level 4 in Stealth
   505 | D:2      | Reached XP level 3. HP: 6/23 MP: 5/5
   744 | D:2      | Reached skill level 5 in Stealth
   753 | D:2      | Reached XP level 4. HP: 18/28 MP: 6/6
  1012 | D:3      | Reached skill level 6 in Stealth
  1135 | D:4      | Found a snail-covered altar of Cheibriados.
  1331 | D:5      | Entered Level 5 of the Dungeon
  1331 | D:5      | Found a staircase to the Ecumenical Temple.
  1345 | Temple   | Entered the Ecumenical Temple
  1398 | Temple   | Became a worshipper of Xom of Malevolent Giggling
  1405 | Temple   | Fell from the grace of Xom
  1405 | Temple   | Became a worshipper of Fedhas Madash
  1433 | D:5      | Reached XP level 5. HP: 23/33 MP: 7/7
  1435 | D:5      | HP: 1/33 [gnoll/stone (5)]
  1731 | D:4      | Reached skill level 7 in Stealth
  2353 | D:2      | Gained mutation: You are partially covered in slimy green scales (AC +2). [potion of mutation]
  2353 | D:2      | Gained mutation: Scrolls take you a little longer to read. [potion of mutation]
  2353 | D:2      | Gained mutation: You are partially covered in large bone plates (AC +2, SH +2). [potion of mutation]
  2356 | D:2      | HP: 1/33 [poisoned by an adder]
  2364 | D:2      | Succumbed to an adder's poison

Skill      XL: |  1  2  3  4  5 |
---------------+----------------+-----
Stealth        | 2 4 5 6 7 |  7.3
Fighting       | |  1.1
Short Blades   | |  1.0
Dodging        | |  2.0
Shields        | |  0.4
Evocations     | |  3.2

Action                   |  1- 3 |  4- 6 || total
-------------------------+-------+-------++-------
Melee: Short sword       |    20 |       ||    20
       Constrict         |     9 |    14 ||    23
       Tentacles         |     4 |     4 ||     8
       Dagger            |     3 |       ||     3
       Quarterstaff      |    17 |    12 ||    29
       Hand axe          |       |    48 ||    48
Evoke: Wand              |     2 |     2 ||     4
  Use: Potion            |       |    10 ||    10
 Stab: Sleeping          |     7 |    11 ||    18
  Eat: Chunk             |       |     4 ||     4
Armor: Skin              |     3 |     7 ||    10
Dodge: Dodged            |    18 |    43 ||    61
Block: Shield            |       |     3 ||     3
